Map: Disco Bloodbath LE

Players

Denver

  • Race: Zerg Zerg
  • League: Master
  • Spawn Location: 9:00

Harstem - Winner!

  • Race: Protoss Protoss
  • League: Grandmaster
  • Spawn Location: 3:00

Event: HomeStory Cup XX

VOD

Have the link to the VOD?

Description

Time

  • Played on: Nov. 21, 2019, 10:49 a.m.
  • Length: 9:57

All games in this series

Show
View Real Time Build Order
Export as new Build Order

Denver Zerg 

Build Orders: Hatch First 

Get SALT Encoding   

  12  0:00  Drone  
  13  0:12  Overlord  
  13  0:16  Drone  
  14  0:30  Drone x2  
  16  0:48  Hatchery  
  15  0:51  Drone  
  15  0:54  Drone  
  17  0:58  Drone  
  18  1:09  Extractor  
  17  1:13  Spawning Pool  
  17  1:16  Drone  
  17  1:19  Drone  
  18  1:28  Drone  
  19  1:38  Drone  
  20  1:49  Drone  
  21  2:00  Queen x2  
  21  2:01  Zergling x4  
  27  2:08  Metabolic Boost  
  27  2:10  Overlord  
  27  2:11  Drone  
  28  2:29  Drone x2  
  30  2:33  Hatchery  
  30  2:36  Drone  
  30  2:38  Drone  
  30  2:42  Drone  
  32  2:47  Overlord  
  32  2:53  Queen  
  34  2:58  Zergling x2  
  34  2:59  Zergling x2  
  34  3:05  Pneumatized Carapace  
  36  3:08  Drone  
  36  3:09  Zergling x2  
  36  3:11  Drone x2  
  40  3:16  Overlord  
  40  3:18  Drone  
  41  3:22  Drone  
  42  3:28  Drone  
  42  3:32  Spore Crawler  
  42  3:34  Drone  
  42  3:38  Lair  
  43  3:41  Drone x3  
  43  3:43  Spore Crawler  
  43  3:45  Drone  
  45  3:51  Drone x3  
  48  3:58  Queen  
  48  4:01  Drone  
  48  4:02  Zergling x4  
  51  4:05  Overlord  
  51  4:13  Zergling x6  
  54  4:18  Queen  
  54  4:21  Spore Crawler  
  54  4:22  Drone x2  
  54  4:24  Overlord  
  57  4:27  Zergling x4  
  57  4:31  Zergling x4  
  60  4:35  Queen  
  62  4:47  Zergling x14  
  69  4:54  Queen, Overlord  
  71  5:01  Zergling x4  
  71  5:02  Overlord  
  71  5:07  Overlord  
  72  5:08  Overlord  
  72  5:09  Overlord  
  71  5:15  Overlord  
  71  5:16  Overlord  
  71  5:19  Drone x4  
  71  5:22  Drone  
  70  5:29  Drone x4  
  70  5:34  Drone x2, Roach Warren  
  71  5:41  Drone x4  
  73  5:49  Extractor, Overlord  
  72  5:50  Extractor, Drone  
  72  5:56  Drone x3  
  71  6:07  Overlord  
  71  6:10  Drone x4  
  75  6:12  Extractor, Overlord  
  75  6:13  Overseer  
  75  6:16  Glial Reconstitution  
  75  6:18  Roach x3  
  80  6:19  Hatchery, Evolution Chamber  
  80  6:23  Roach x2  
  82  6:27  Roach x3  
  82  6:29  Drone  
  82  6:30  Drone  
  90  6:34  Roach  
  90  6:35  Roach x2  
  96  6:40  Drone x4  
  96  6:42  Extractor  
  96  6:44  Roach  
  101  6:47  Roach x2  
  101  6:49  Zerg Missile Weapons Level 1  
  105  6:57  Roach x5  
  113  7:06  Roach x3  
  113  7:07  Overlord x2  
  119  7:11  Extractor, Overlord  
  119  7:15  Zergling x10  
  119  7:19  Overlord  
  119  7:23  Drone x2  
  119  7:25  Spire  
  120  7:35  Drone x3  
  120  7:36  Queen  
  123  7:38  Tunneling Claws, Burrow  
  123  7:39  Drone x3  
  128  7:47  Roach x4  
  126  7:55  Roach  
  126  7:56  Roach x4  
  132  7:59  Hydralisk Den  
  132  8:01  Roach x4  
  136  8:08  Roach  
  136  8:09  Roach x3  
  136  8:12  Drone  
  145  8:15  Spore Crawler  
  145  8:18  Roach x4  
  148  8:23  Roach x2  
  151  8:28  Overlord x3  
  151  8:30  Overlord  
  147  8:37  Ravager x5  
  147  8:39  Overlord x2  
  148  8:49  Roach x4  
  156  8:58  Roach x6  
  161  9:05  Roach x4  
  161  9:11  Roach x4  
  153  9:20  Roach x5  
  132  9:24  Roach  
  132  9:25  Roach x2  
  132  9:30  Roach x5  
  140  9:33  Zergling x6  
  140  9:38  Roach x3  
Show
View Real Time Build Order
Export as new Build Order

Harstem Protoss - Winner!

Build Orders: 1 Gate Expand, Oracle Opening 

Get SALT Encoding   

  12  0:01  Probe  
  13  0:13  Probe  
  14  0:18  Pylon  
  14  0:27  Probe  
  15  0:31  Assimilator  
  15  0:35  Probe  
  16  0:43  Probe  
  16  0:47  Gateway  
  17  0:53  Probe  
  18  1:05  Probe  
  19  1:17  Probe  
  20  1:24  Nexus  
  20  1:34  Cybernetics Core  
  20  1:36  Probe  
  21  1:41  Assimilator  
  21  1:48  Probe  
  21  1:51  Pylon  
  22  2:00  Adept, Probe  
  23  2:12  Probe  
  23  2:14  Stargate  
  26  2:21  Adept  
  26  2:23  Warp Gate  
  26  2:24  Probe  
  27  2:32  Probe  
  27  2:36  Probe  
  31  2:40  Probe  
  31  2:48  Probe  
  31  2:49  Oracle  
  31  2:50  Probe  
  37  3:00  Probe  
  37  3:04  Probe  
  40  3:12  Probe  
  40  3:13  Pylon  
  40  3:15  Robotics Facility  
  40  3:16  Probe  
  41  3:24  Probe  
  42  3:28  Probe  
  43  3:35  Nexus  
  43  3:39  Pylon  
  43  3:40  Probe  
  44  3:41  Probe  
  44  3:44  Oracle  
  45  3:52  Probe  
  45  3:53  Probe  
  50  4:02  Observer  
  51  4:03  Gateway  
  51  4:04  Probe  
  51  4:05  Assimilator, Probe  
  51  4:09  Assimilator  
  53  4:12  Zealot  
  53  4:14  Phoenix  
  53  4:16  Probe  
  56  4:17  Probe  
  56  4:22  Pylon  
  59  4:28  Probe  
  59  4:29  Probe  
  59  4:30  Immortal  
  61  4:38  Pylon  
  61  4:40  Probe  
  61  4:43  Probe  
  67  4:49  Sentry  
  67  4:52  Forge  
  69  4:53  Twilight Council  
  69  4:54  Probe  
  69  4:58  Zealot  
  69  4:59  Probe  
  73  5:04  Gateway  
  73  5:06  Probe  
  74  5:09  Probe  
  74  5:11  Probe  
  72  5:15  Stalker  
  72  5:19  Probe  
  75  5:22  Probe  
  75  5:24  Zealot  
  76  5:30  Probe  
  76  5:31  Probe  
  76  5:34  Protoss Ground Weapons Level 1  
  78  5:38  Probe  
  78  5:42  Sentry, Charge  
  81  5:43  Probe  
  81  5:47  Pylon  
  81  5:49  Zealot  
  84  5:50  Probe  
  84  5:56  Probe  
  84  5:59  Pylon  
  84  6:00  Stalker  
  84  6:02  Probe  
  83  6:06  Stalker  
  83  6:08  Probe  
  86  6:13  Probe  
  86  6:14  Probe  
  88  6:19  Probe  
  88  6:22  Probe, Gateway  
  88  6:23  Probe, Gateway, Templar Archives  
  89  6:27  Probe  
  92  6:36  Gateway x2  
  92  6:37  Gateway  
  92  6:38  Assimilator, Immortal  
  96  6:47  Pylon  
  96  6:49  Sentry, Zealot  
  100  6:58  Pylon  
  100  6:59  Probe  
  99  7:04  Photon Cannon  
  99  7:06  Immortal, Probe  
  99  7:08  Probe  
  101  7:10  Assimilator  
  101  7:11  Pylon  
  101  7:17  Photon Cannon  
  101  7:19  Pylon, Sentry  
  101  7:20  Zealot x2  
  111  7:26  Phoenix  
  112  7:32  Zealot  
  112  7:37  Zealot x4  
  118  7:40  Pylon, Warp Prism  
  123  7:48  Stalker x2  
  129  7:53  Zealot x2  
  129  7:58  Pylon  
  133  8:00  Pylon x2  
  133  8:03  High Templar x2, Photon Cannon  
  133  8:07  Archon  
  133  8:12  High Templar x3  
  135  8:13  High Templar  
  139  8:20  Archon x2, Psionic Storm  
  139  8:21  Zealot x2  
  139  8:25  Probe  
  139  8:26  Probe  
  144  8:31  Pylon, Probe  
  146  8:35  Photon Cannon  
  146  8:46  High Templar  
  148  8:51  High Templar  
  148  8:55  Zealot x3  
  157  8:56  Nexus  
  157  8:59  Zealot x2  
  157  9:02  Zealot  
  134  9:16  Zealot x3  
  128  9:18  Zealot  
  128  9:22  Probe, Zealot x3  
  128  9:23  Probe  
  126  9:26  Probe  
  126  9:30  Probe  
  127  9:36  Probe  
  127  9:37  Zealot x4  
  137  9:42  Probe  
  134  9:47  Zealot x3  
  138  9:53  Zealot  
Tags
 
Add a new tag
Caveats
  • Supply blocks, unpowered buildings, or Contaminate may cause inaccurate times.
  • Supply counts are checked every 10 seconds.